 Dungeon Crawl Stone Soup version 0.20-a0-910-gb611367 (webtiles) character file.

145 Hook the Firebug (level 5, 0/41 HPs)
             Began as a Hill Orc Fire Elementalist on Mar 23, 2017.
             Slain by a goblin
             ... wielding a +0 dagger
             ... led by Robin
              (2 damage)
             ... on level 2 of the Dungeon.
             The game lasted 00:10:40 (3033 turns).

Hook the Firebug (Hill Orc Fire Elementalist)       Turns: 3033, Time: 00:10:41

Health: 0/41       AC:  2    Str: 11    XL:     5   Next: 27%
Magic:  2/8        EV: 13    Int: 16    God:
Gold:   80         SH:  0    Dex: 11    Spells: 5/8 levels left

rFire    . . .     SeeInvis .   d - +0 dagger
rCold    . . .     Gourm    .   a - +0 robe
rNeg     . . .     Faith    .   (no shield)
rPois    .         Spirit   .   (no helmet)
rElec    .         Reflect  .   (no cloak)
rCorr    .         Harm     .   (no gloves)
MR       .....                  (no boots)
Stlth    ++........             (no amulet)
Regen    0.2/turn               (no ring)
MPRegen  0.2/turn               (no ring)

@: no status effects
A: no striking features
a: no special abilities


You were on level 2 of the Dungeon.
You were hungry.

You visited 1 branch of the dungeon, and saw 2 of its levels.

You collected 80 gold pieces.

Inventory:

Hand Weapons
 d - a +0 dagger (weapon)
Missiles
 g - 2 javelins (quivered)
Armour
 a - a +0 robe (worn)
Scrolls
 e - a scroll of blinking {unknown}
 h - a scroll of magic mapping {unknown}
 k - a scroll of random uselessness {unknown}
 n - a scroll of identify {unknown}
 p - a scroll of teleportation {unknown}
Potions
 i - 2 potions of flight {unknown}
 j - a potion of invisibility {unknown}
 l - a potion of might {unknown}
 m - a potion of curing {unknown}
 o - a potion of mutation {unknown}
 q - a potion of brilliance {unknown}
Books
 b - a book of Flames

   Spells                             Type                      Level
   a - Flame Tongue                   Conjuration/Fire             1
   b - Throw Flame                    Conjuration/Fire             2
   c - Conjure Flame                  Conjuration/Fire             3
   d - Inner Flame                    Hexes/Fire                   3
   e - Sticky Flame                   Conjuration/Fire             4
   f - Fireball                       Conjuration/Fire             5
Comestibles
 c - 2 bread rations
 f - a meat ration


   Skills:
 + Level 1.9 Fighting
 * Level 2.8 Dodging
 - Level 1.5 Stealth
 * Level 2.4 Spellcasting
 + Level 2.0 Conjurations
 + Level 3.7 Fire Magic


You had 5 spell levels left.
You knew the following spells:

 Your Spells              Type           Power        Failure   Level  Hunger
a - Flame Tongue          Conj/Fire      ##...        10%         1    #......
b - Throw Flame           Conj/Fire      ##....       12%         2    ###....


Dungeon Overview and Level Annotations

Branches:
Dungeon (2/15)

Altars:

Annotations:
D:2 Robin


Message History

* * * LOW HITPOINT WARNING * * *
The goblin shouts!
You hit the goblin.
You kill the goblin!
The hobgoblin closely misses you.
You see here a goblin corpse.
Robin throws the goblin at you! The goblin hits you with a dagger.
* * * LOW HITPOINT WARNING * * *
Robin roars a battlecry!
The goblin hits you but does no damage. Robin throws the goblin at you!
You hit the goblin.
The goblin is severely wounded.
The goblin no longer looks unusually strong.
The goblin misses you. The goblin hits you with a club.
* * * LOW HITPOINT WARNING * * *
You hit the goblin.
You kill the goblin!
The goblin hits you with a dagger.
You die...

#.# #............#
#g# #....######..#
#g# #....# #..# #g#
#....# #..# #.#
###.## #..# #†# #.#
#.)# #.# #.# #..#
#g#######.# #..#
#.g..gg@).# #..#
#################..#
#.......>..........#
#.################.#
#.# #...........#
#.# #.###########
#.# #...#
#.########.# #.....#
#.#


You could see Robin, a hobgoblin and 2 goblins.

Vanquished Creatures
  A scorpion (D:2)
  3 adders (D:2)
  An ooze (D:1)
  A worm (D:2)
  4 dart slugs
  2 leopard geckos
  2 giant cockroaches
  10 goblins
  6 hobgoblins
  2 jackals (D:2)
  8 kobolds
  A ball python (D:1)
  6 bats
  4 frilled lizards
  3 rats
54 creatures vanquished.

Notes
Turn   | Place    | Note
-------+----------+-------------------------------------------
     0 | D:1      | Hook the Hill Orc Fire Elementalist began the quest for the Orb.
     0 | D:1      | Reached XP level 1. HP: 14/14 MP: 3/3
    37 | D:1      | Reached XP level 2. HP: 20/20 MP: 0/4
    43 | D:1      | Learned a level 2 spell: Throw Flame
   868 | D:1      | Reached XP level 3. HP: 26/26 MP: 0/5
  1517 | D:2      | Reached skill level 1 in Fighting
  1850 | D:2      | Reached XP level 4. HP: 35/35 MP: 4/7
  2730 | D:2      | Reached XP level 5. HP: 22/41 MP: 1/8
  3011 | D:2      | Noticed Robin
  3032 | D:2      | HP: 2/41 [goblin/club[Robin] (2)]
  3033 | D:2      | Slain by a goblin

Vault maps used:
D:1:      lightli_arrival_flooded_house
D:2:      gammafunk_temple_overflow_wave, uniq_robin

Skill      XL: |  1  2  3  4  5 |
---------------+----------------+-----
Dodging        | 2 |  2.8
Fighting       | 1 |  1.9
Spellcasting   | 2 |  2.4
Conjurations   | 2 |  2.0
Stealth        | |  1.5
Fire Magic     | |  3.7

Action                   |  1- 3 |  4- 6 || total
-------------------------+-------+-------++-------
Melee: Dagger            |    41 |    47 ||    88
Throw: Javelin           |    17 |    16 ||    33
 Cast: Flame Tongue      |    31 |    21 ||    52
       Throw Flame       |    13 |     9 ||    22
 Stab: Sleeping          |     2 |       ||     2
  Eat: Royal jelly       |     1 |       ||     1
       Chunk             |     3 |     4 ||     7
Armor: Robe              |    23 |    28 ||    51
Dodge: Dodged            |    51 |    70 ||   121
